 Dungeon Crawl Stone Soup version 0.30-a0-137-gd8773701ce (webtiles) character file.

Game seed: 6360433908907372272

19 IdlyInterested the Gusty (level 2, 0/22 HPs)
             Began as a Demonspawn Wanderer on Sept 21, 2022.
             Slain by a gnoll
             ... wielding a +0 halberd
              (5 damage)
             ... on level 2 of the Dungeon.
             The game lasted 00:02:22 (865 turns).

IdlyInterested the Gusty (Demonspawn Wanderer)       Turns: 865, Time: 00:02:23

Health: 0/22       AC:  5    Str: 10    XL:     2   Next: 55%
Magic:  5/5        EV: 10    Int: 15    God:
Gold:   26         SH:  4    Dex: 12    Spells: 5/5 levels left

rFire   . . .      SeeInvis .    d - +2 hand axe (venom)
rCold   . . .      Faith    .    (no shield)
rNeg    . . .      Spirit   .    c - +0 ring mail
rPois   .          Reflect  .    (no helmet)
rElec   .          Harm     .    (no cloak)
rCorr   .          Rampage  .    (no gloves)
Will    .....                    (no boots)
Stlth   +.........               (no amulet)
HPRegen 0.07/turn                (no ring)
MPRegen 0.09/turn                (no ring)

@: no status effects
A: condensation shield
a: no special abilities


You were on level 2 of the Dungeon.
You visited 1 branch of the dungeon, and saw 2 of its levels.

You collected 26 gold pieces.

Inventory:

Hand Weapons
 a - a +0 dagger
 d - a +2 hand axe of venom (weapon)
 e - a +0 falchion
Armour
 c - a +0 ring mail (worn)
 f - a +0 chain mail
 g - a +0 robe
 k - a +0 plate armour
Scrolls
 b - 4 scrolls of teleportation
 i - a scroll of fear {unknown}
 j - a scroll of poison {unknown}
 l - a scroll of identify {unknown}
 m - a scroll of butterflies {unknown}
Potions
 h - 2 potions of curing {unknown}


   Skills:
 * Level 1.8 Fighting
 - Level 2.0 Armour
 - Level 1.0 Dodging
 - Level 2.0 Spellcasting
 + Level 4.6 Air Magic


You had 5 spell levels left.
You didn't know any spells.
Your spell library contained the following spells:

 Spells                   Type           Power      Damage    Failure   Level
 Shock                    Conj/Air       32%        1d5       22%         1
 Magic Dart               Conj           4%         1d3       50%         1
 Summon Small Mammal      Summ           4%         N/A       50%         1
 Searing Ray              Conj           2%         2d4       63%         2
 Mephitic Cloud           Conj/Pois/Air  6%         N/A       65%         3
 Call Canine Familiar     Summ           1%         N/A       86%         3
 Summon Lightning Spire   Summ/Air       8%         N/A       91%         4
 Fulminant Prism          Conj/Hex       0%         3d6       99%         4


Dungeon Overview and Level Annotations

Branches:
Dungeon (2/15)

Altars:


Innate Abilities, Weirdness & Mutations

A meltable shield of frost defends you. (SH +4)


Message History

There is a stone staircase leading down here.
m - a scroll labelled APPUFATEDD Done exploring.
Done exploring.
Okay, then.
There is a stone staircase leading down here.
You climb downwards.
Found a scroll of teleportation and 2 stones.
There is a stone staircase leading up here.
A gnoll comes into view. It is wielding a +0 whip.
The gnoll shouts!
You hear a shout!
A quokka comes into view.
A gnoll comes into view. It is wielding a +0 whip.
A gnoll comes into view. It is wielding a +0 halberd.
The gnoll shouts!
The gnoll hits you with a +0 whip.
You slash the gnoll!
The gnoll is heavily wounded.
You hit the quokka.
The quokka is poisoned.
The quokka bites you but does no damage.
The gnoll hits you with a +0 whip.
You hit the gnoll.
The gnoll is poisoned.
The gnoll is severely wounded.
You hit the quokka.
You kill the quokka!
The gnoll hits you with a +0 whip.
You have reached level 2!
Your demonic ancestry asserts itself...
Frost condenses into a shield before you.
You slash the gnoll!
You kill the gnoll!
You hit the gnoll.
The gnoll is poisoned.
The gnoll is lightly wounded.
The gnoll hits you with a +0 whip.
The gnoll hits you from afar with a +0 halberd.
* * * LOW HITPOINT WARNING * * *
You hit the gnoll.
The gnoll looks as sick as possible!
The gnoll is heavily wounded.
The gnoll hits you from afar with a +0 halberd.
You die...

#...............
#................
#........(.......
#................
#................
#................
#........g?......
#.......@)g....#
##<....##.......
##.#### ######.
#..# #.## #. #.
.. .#


You could see 2 gnolls.

Vanquished Creatures
  A gnoll (D:2)
  An endoplasm (D:1)
  A giant cockroach (D:1)
  2 hobgoblins (D:1)
  A kobold (D:1)
  A quokka (D:2)
  A frilled lizard (D:1)
8 creatures vanquished.

Notes
Turn   | Place    | Note
-------+----------+-------------------------------------------
     0 | D:1      | IdlyInterested the Demonspawn Wanderer began the quest for
                  | the Orb.
     0 | D:1      | IdlyInterested set off with the following items: a +0
                  | dagger, a scroll of teleportation, a +0 ring mail; and the
                  | following spells available to memorise: Shock, Summon Small
                  | Mammal, Mephitic Cloud, Call Canine Familiar, Summon
                  | Lightning Spire.
     0 | D:1      | Reached XP level 1. HP: 13/13 MP: 3/3
   412 | D:1      | Reached skill level 1 in Fighting
   863 | D:2      | Gained mutation: A meltable shield of frost defends you.
                  | (SH +4) [demonic ancestry]
   863 | D:2      | Reached XP level 2. HP: 12/21 MP: 5/5
   865 | D:2      | Slain by a gnoll

Illustrated notes

Levels and vault maps discovered:
D:1:      lightli_arrival_lavapool, layout_basic
D:2:      layout_rooms, minmay_pentomino_o2

Skill      XL: |  1 |
---------------+----+-----
Fighting       | 1 |  1.8
Armour         | 2 |  2.0
Dodging        | |  1.0
Spellcasting   | |  2.0
Air Magic      | |  4.6

Action                   || total
-------------------------++-------
Melee: Hand axe          ||    20
Armor: Ring mail         ||     7
Dodge: Dodged            ||     6

Table legend: (Time is in decaauts)
 A = Elapsed time spent in this place.
 B = Non-inter-level travel time spent in this place.
 C = Inter-level travel time spent in this place.
 D = Time resting spent in this place.
 E = Time spent auto-exploring this place.
 F = Levels seen in this place.
 G = Mean time per level.
                   A        B        C        D        E       F      G
               +--------+--------+--------+--------+--------+-----+--------+
         Total |    870 |    854 |     16 |    163 |    564 |   2 |  435.0 |
       Dungeon |    870 |    854 |     16 |    163 |    564 |   2 |  435.0 |
               +--------+--------+--------+--------+--------+-----+--------+

Top non-repeatable levels by time:
     D:1: 858 daAuts
     D:2: 12 daAuts
